[Event "Titled Tuesday Blitz August 08 Late 2023"]
[White "Doluhanova, Evgeniya"]
[Black "Salazar Farias, Luis German"]
[WhiteFideId "14112035"]
[BlackFideId "3902170"]
[WhiteElo "2328"]
[BlackElo "2445"]
[Result "1-0"]
[Round "7"]
[TimeControl "180+1"]
[Date "2023.08.08"]
[WhiteClock "0:00:32"]
[BlackClock "0:00:00"]
[Board "109"]

1. e4 c6 2. d4 d5 3. exd5 cxd5 4. Bd3 Nc6 5. c3 Qc7 6. Ne2 Bg4 7. h3 Bh5 8. g4 Bg6 9. Bf4 Qd7 10. Na3 e6 11. Nb5 Rc8 12. a4 a6 13. Na3 Bd6 14. h4 Nge7 15. h5 Bxd3 16. Qxd3 h6 17. Qe3 Na5 18. b4 Nc4 19. Nxc4 Rxc4 20. Bxd6 Qxd6 21. f4 O-O 22. Qe5 Qxe5 23. fxe5 f6 24. exf6 Rxf6 25. Kd2 Nc8 26. Raf1 Rxf1 27. Rxf1 Nd6 28. Ng3 Rc7 29. Kd3 Nc4 30. a5 Rf7 31. Rxf7 Kxf7 32. Nf1 Kf6 33. Ne3 Nxe3 34. Kxe3 e5 35. Kf3 e4+ 36. Kf4 g5+ 37. hxg6 Kxg6 38. c4 dxc4 39. Kxe4 Kg5 40. d5 Kf6 41. Kd4 c3 42. Kxc3 Ke5 43. Kc4 Kd6 44. Kd4 1-0


[Site "https://www.chess.com"]

[Event "Titled Tuesday Blitz August 08 Late 2023"]
[White "Swicarz, Maciej"]
[Black "Lalanne, Pablo"]
[WhiteFideId "1113585"]
[BlackFideId "112151"]
[WhiteElo "2435"]
[BlackElo "2328"]
[Result "1-0"]
[Round "7"]
[TimeControl "180+1"]
[Date "2023.08.08"]
[WhiteClock "0:00:13"]
[BlackClock "0:00:00"]
[Board "110"]

1. e4 e5 2. Nf3 Nc6 3. c3 Nf6 4. d4 exd4 5. e5 Ne4 6. Qe2 d5 7. exd6 f5 8. Nxd4 Nxd4 9. cxd4 Bxd6 10. f3 O-O 11. fxe4 fxe4 12. g3 Bb4+ 13. Nc3 Kh8 14. Be3 c5 15. O-O-O Qa5 16. Qc2 cxd4 17. Bxd4 Bg4 18. Be2 Bf5 19. Kb1 Rac8 20. Ka1 Rfd8 21. Qb3 h6 22. Rhf1 Bg6 23. Bg4 e3 24. Bxc8 Rxc8 25. Bxe3 Rxc3 26. Qd5 Rxe3 27. Qxb7 Kh7 28. Rd7 Bc3 29. Rc1 Bf6 30. Rd6 Ra3 31. Qd5 Qxd5 32. Rxd5 Ra4 33. Rc7 Re4 34. Rd1 Re2 35. Rb7 a5 36. a3 a4 37. Rb4 Re3 38. Rxa4 Bc2 39. Rad4 Bxd1 40. Rxd1 Rxa3+ 41. Kb1 Rf3 42. Rd2 Rf1+ 43. Ka2 Rf3 44. b4 Kg6 45. Rc2 Rf5 46. Kb3 Rf3+ 47. Ka4 Rf5 48. b5 Bd4 49. Ka5 Rf6 50. Rc4 Bf2 51. Rg4+ Kf7 52. Rc4 g5 53. Rc7+ Kg6 54. Rc6 h5 55. Ka6 Rxc6+ 56. bxc6 Bd4 57. c7 1-0


[Site "https://www.chess.com"]

[Event "Titled Tuesday Blitz August 08 Late 2023"]
[White "Kohler, Aran"]
[Black "Ingunza Curro, Andres"]
[WhiteFideId "1002856"]
[BlackFideId "24526371"]
[WhiteElo "2269"]
[BlackElo "2433"]
[Result "0-1"]
[Round "7"]
[TimeControl "180+1"]
[Date "2023.08.08"]
[WhiteClock "0:00:48"]
[BlackClock "0:01:23"]
[Board "111"]

1. d4 d5 2. Nf3 Nf6 3. Bg5 e6 4. e3 Be7 5. Bd3 b6 6. c3 Bb7 7. Nbd2 O-O 8. Qc2 h6 9. Bxf6 Bxf6 10. e4 dxe4 11. Nxe4 Be7 12. O-O-O Nd7 13. Kb1 Nf6 14. Ne5 Nd5 15. Rhe1 c5 16. dxc5 Qc7 17. Nd6 bxc5 18. Nxb7 Qxb7 19. Bh7+ Kh8 20. Be4 Rab8 21. c4 Bf6 22. f4 Nb4 23. Qb3 Qc7 24. Nd7 Nc6 25. Nxb8 Rxb8 26. Qa4 Rxb2+ 27. Kc1 Qxf4+ 0-1


[Site "https://www.chess.com"]

[Event "Titled Tuesday Blitz August 08 Late 2023"]
[White "Orlov, Georgi"]
[Black "UgarteCesar"]
[WhiteFideId "2011271"]
[WhiteElo "2562"]
[BlackElo "2321"]
[Result "0-1"]
[Round "7"]
[TimeControl "180+1"]
[Date "2023.08.08"]
[WhiteClock "0:00:03"]
[BlackClock "0:00:43"]
[Board "112"]

1. d4 d5 2. Nf3 Nf6 3. c4 e6 4. g3 Nbd7 5. Bg2 dxc4 6. O-O c5 7. Na3 cxd4 8. Nxc4 Bc5 9. Bf4 O-O 10. Nxd4 Nd5 11. Bd6 Bxd6 12. Nxd6 Qb6 13. Nc4 Qa6 14. a4 N7b6 15. Nd6 Rd8 16. N4b5 Qa5 17. e4 Nf6 18. e5 Nfd5 19. Qh5 g6 20. Qf3 Rf8 21. Rfc1 Qb4 22. b3 Bd7 23. Rc4 Qd2 24. Rd1 Qb2 25. Rh4 Qxe5 26. Nxb7 Bc6 27. Na5 Bxb5 28. axb5 Rad8 29. Nc6 Qb2 30. Nxd8 Rxd8 31. Qd3 Rc8 32. Qd2 Qxb3 33. Bf1 h5 34. Qg5 Qxd1 0-1


[Site "https://www.chess.com"]

[Event "Titled Tuesday Blitz August 08 Late 2023"]
[White "Gerbelli Neto, Eduardo"]
[Black "Mendez Fortes, Eduardo Jesus"]
[WhiteFideId "2103281"]
[BlackFideId "3502376"]
[WhiteElo "2322"]
[BlackElo "2539"]
[Result "0-1"]
[Round "7"]
[TimeControl "180+1"]
[Date "2023.08.08"]
[WhiteClock "0:00:09"]
[BlackClock "0:00:40"]
[Board "113"]

1. e4 c5 2. Nc3 d6 3. Nf3 Nf6 4. Bb5+ Nbd7 5. e5 dxe5 6. Nxe5 a6 7. Bxd7+ Nxd7 8. d4 cxd4 9. Qxd4 Nxe5 10. Qxe5 f6 11. Qe4 e5 12. Be3 Be6 13. O-O Qc8 14. f4 exf4 15. Bxf4 Kf7 16. Rae1 Qc6 17. Qxc6 bxc6 18. b3 Bb4 19. Rf3 Rhe8 20. Ref1 Rad8 21. h3 Rd7 22. Na4 Red8 23. c4 Rd1 24. Bc7 Rxf1+ 25. Rxf1 Rd2 26. Rf2 Rxf2 27. Kxf2 Bf5 28. Bb6 Bb1 29. Nc5 Bxc5+ 30. Bxc5 Bxa2 31. b4 Bxc4 32. g3 Ke6 33. Ke3 Kd5 34. h4 a5 35. Bf8 a4 36. Bxg7 Ke6 37. g4 a3 38. g5 fxg5 39. hxg5 Kf5 40. Bf6 h5 41. Kf3 h4 42. Kg2 Kg4 43. g6 a2 44. g7 Be6 45. Bd4 Kf4 46. Kf2 Ke4 47. Bf6 Kd3 48. Kf3 Kc4 0-1


[Site "https://www.chess.com"]

[Event "Titled Tuesday Blitz August 08 Late 2023"]
[White "Michalczak, Thomas"]
[Black "Shapiro, Daniel"]
[WhiteFideId "4622634"]
[BlackFideId "2001780"]
[WhiteElo "2482"]
[BlackElo "2322"]
[Result "1-0"]
[Round "7"]
[TimeControl "180+1"]
[Date "2023.08.08"]
[WhiteClock "0:01:20"]
[BlackClock "0:00:00"]
[Board "114"]

1. e4 c5 2. c3 g6 3. d4 cxd4 4. cxd4 d5 5. e5 Nc6 6. Nc3 Bg7 7. h3 Nh6 8. g4 f6 9. f4 O-O 10. Nf3 Be6 11. Bg2 Nf7 12. O-O a6 13. Be3 Rc8 14. Qd2 Na5 15. b3 b5 16. Rf2 Nc6 17. Raf1 Qa5 18. f5 gxf5 19. gxf5 Bxf5 20. Nxd5 Qxd2 21. Nxd2 Bd3 22. exf6 exf6 23. Rc1 Nfd8 24. Nb6 Rb8 25. Nd7 Rc8 26. Nxf8 Kxf8 27. d5 Ne7 28. Rxc8 Nxc8 29. Bc5+ Kf7 30. Nf3 Nb7 31. Ne5+ Ke8 32. Nxd3 1-0


[Site "https://www.chess.com"]

[Event "Titled Tuesday Blitz August 08 Late 2023"]
[White "Cheng, Xiao"]
[Black "Harish, Neeraj"]
[WhiteFideId "2022915"]
[BlackFideId "30958130"]
[WhiteElo "2460"]
[BlackElo "2320"]
[Result "0-1"]
[Round "7"]
[TimeControl "180+1"]
[Date "2023.08.08"]
[WhiteClock "0:00:34"]
[BlackClock "0:00:20"]
[Board "115"]

1. e4 c6 2. d4 d5 3. e5 Bf5 4. h4 h5 5. Bd3 Bxd3 6. Qxd3 Qa5+ 7. c3 Qa6 8. Qxa6 Nxa6 9. e6 fxe6 10. Nf3 Nf6 11. Ne5 Rg8 12. Bf4 g6 13. Nd2 Bg7 14. Nxg6 c5 15. Nf3 Ne4 16. Ke2 Rc8 17. dxc5 Naxc5 18. Nge5 Bxe5 19. Bxe5 Rxg2 20. Bd4 Nd7 21. Rhg1 Rg4 22. Nh2 Rxh4 23. Rg8+ Nf8 24. Nf3 Rg4 25. Rh8 Rg2 26. Rh1 Kd7 27. Ne5+ Kc7 28. R1xh5 Nd7 29. Rxc8+ Kxc8 30. Bxa7 Nxe5 31. Rxe5 Kd7 32. Bd4 Rh2 33. a4 Nd6 34. Rg5 Nc4 35. b3 Nd6 36. Rg1 Rh3 37. f3 Nf5 38. Be5 Nh4 39. Rf1 Nf5 40. b4 Ng3+ 41. Bxg3 Rxg3 42. Ke3 Kd6 43. Kf4 Rg8 44. a5 Rf8+ 45. Ke3 e5 46. Rh1 e6 47. Rh7 Kc6 48. Re7 Rf6 49. Kd3 Rxf3+ 50. Kc2 Rf6 51. Kb3 e4 52. Ka4 e3 53. b5+ Kc5 54. Rc7+ Kd6 55. Rh7 e2 56. c4 e1=Q 57. c5+ Kxc5 58. Rc7+ Kd6 59. Rc2 Rf4+ 60. Kb3 Qb4+ 61. Ka2 Qa4+ 62. Kb2 Rb4+ 63. Kc1 Qxc2+ 64. Kxc2 Rxb5 65. Kc3 Rxa5 66. Kb4 Rc5 67. Ka4 e5 68. Kb4 e4 69. Ka4 e3 70. Kb3 e2 71. Ka4 e1=Q 72. Kb3 Qb1+ 73. Ka3 Ra5# 0-1


[Site "https://www.chess.com"]

[Event "Titled Tuesday Blitz August 08 Late 2023"]
[White "JERO-8914"]
[Black "Skaric, Djuro"]
[BlackFideId "934569"]
[WhiteElo "2451"]
[BlackElo "2319"]
[Result "0-1"]
[Round "7"]
[TimeControl "180+1"]
[Date "2023.08.08"]
[WhiteClock "0:00:00"]
[BlackClock "0:01:39"]
[Board "116"]

1. d4 d6 2. Nf3 g6 3. e4 Bg7 4. Bc4 Nf6 5. Qe2 O-O 6. h3 Nc6 7. O-O e5 8. dxe5 dxe5 9. a4 h6 10. a5 a6 11. c3 Nh5 12. Rd1 Qe7 13. Na3 Nf4 14. Bxf4 exf4 15. Nc2 Ne5 16. Nxe5 Bxe5 17. Nd4 Kh7 18. Nf3 Bg7 19. Qd2 g5 20. Nd4 Kh8 21. Nf5 Qxe4 22. Bd3 Qe5 23. Nxg7 Kxg7 24. Re1 Qf6 25. Qe2 Bf5 26. Bxf5 Qxf5 27. Qe7 Rac8 28. Rad1 Qf6 29. Qxf6+ Kxf6 30. Rd7 Rfd8 31. Ree7 Rxd7 32. Rxd7 Ke6 33. Rd4 h5 34. Kf1 f5 35. Ke2 c5 36. Rd1 Rc7 37. Re1 Rd7 38. Ra1 Kd5 39. Rd1+ Kc6 40. Ra1 Kb5 41. Ra3 c4 42. Ra1 Rd3 43. Ra3 Kc5 44. Ra4 g4 45. Rb4 f3+ 46. gxf3 Rxf3 47. hxg4 fxg4 48. Rxb7 Rh3 49. Rb6 Rh2 50. Rxa6 Kb5 51. Ra8 g3 52. Rf8 g2 53. Rg8 h4 54. Kf3 h3 55. Rg5+ Ka6 56. Rg6+ Kxa5 57. Rg4 Rh1 58. Rg5+ Ka4 59. Ke4 g1=Q 0-1


[Site "https://www.chess.com"]

[Event "Titled Tuesday Blitz August 08 Late 2023"]
[White "AndresDelgado77"]
[Black "Omariev, Maksim"]
[BlackFideId "4193423"]
[WhiteElo "2316"]
[BlackElo "2442"]
[Result "0-1"]
[Round "7"]
[TimeControl "180+1"]
[Date "2023.08.08"]
[WhiteClock "0:00:00"]
[BlackClock "0:01:25"]
[Board "117"]

1. e4 c5 2. Nf3 d6 3. d4 cxd4 4. Qxd4 a6 5. Bg5 Nc6 6. Qd2 h6 7. Bh4 g5 8. Bg3 Bg7 9. Nc3 Nf6 10. Bc4 Bg4 11. O-O-O Na5 12. Bb3 Nxb3+ 13. axb3 Nh5 14. Nd5 Rc8 15. Rhe1 Nxg3 16. hxg3 Rc5 17. Kb1 O-O 18. Rc1 e6 19. Ne3 Bh5 20. Rcd1 Bg6 21. Nc4 d5 22. Nce5 Bxe4 23. Rxe4 dxe4 24. Qxd8 exf3 25. Qc7 Rxc7 0-1


[Site "https://www.chess.com"]

[Event "Titled Tuesday Blitz August 08 Late 2023"]
[White "chessmateto"]
[Black "Lopez Idarraga, Daniel Eduardo"]
[BlackFideId "4405501"]
[WhiteElo "2417"]
[BlackElo "2318"]
[Result "0-1"]
[Round "7"]
[TimeControl "180+1"]
[Date "2023.08.08"]
[WhiteClock "0:00:39"]
[BlackClock "0:02:01"]
[Board "118"]

1. c4 e6 2. d4 d5 3. Nf3 dxc4 4. g3 Nf6 5. Bg2 a6 6. O-O b5 7. Ne5 Nd5 8. e4 Nb6 9. b3 cxb3 10. axb3 Bb7 11. Nc3 N8d7 12. f4 Bb4 13. Bb2 O-O 14. Kh1 c5 15. d5 Nxe5 16. fxe5 Bxc3 17. Bxc3 exd5 18. Qg4 d4 19. Bd2 Bc8 20. Qf3 Qe7 21. Bf4 Be6 22. h4 a5 23. h5 h6 24. g4 Qh4+ 25. Bh3 a4 26. bxa4 Rxa4 27. Rab1 Nc4 28. Rxb5 Ra3 29. Rb3 Rxb3 30. Qxb3 Ne3 0-1


[Site "https://www.chess.com"]

[Event "Titled Tuesday Blitz August 08 Late 2023"]
[White "Talbi, Chafik"]
[Black "Ventura Bolet, Maxim"]
[WhiteFideId "7903715"]
[BlackFideId "22238824"]
[WhiteElo "2307"]
[BlackElo "2389"]
[Result "1-0"]
[Round "7"]
[TimeControl "180+1"]
[Date "2023.08.08"]
[WhiteClock "0:00:30"]
[BlackClock "0:00:14"]
[Board "119"]

1. e4 d5 2. exd5 c6 3. dxc6 Nxc6 4. Nf3 e5 5. Bb5 e4 6. Ne5 Qd5 7. Nxc6 Qxb5 8. Nd4 Qe5 9. Ne2 Nf6 10. Nbc3 Bd6 11. d4 Qh5 12. Ng3 Bg4 13. Nxh5 Bxd1 14. Nxf6+ gxf6 15. Kxd1 f5 16. Ke2 O-O-O 17. g3 f6 18. Be3 h5 19. h4 Rhg8 20. Nb5 Bb8 21. c4 Rg4 22. d5 a6 23. Nd4 Be5 24. Nxf5 Bxb2 25. Rab1 Be5 26. Rhd1 Rd7 27. c5 Rg8 28. c6 bxc6 29. dxc6 Rxd1 30. Rxd1 Kc7 31. Rc1 Rb8 32. Rc2 Rb1 33. Ng7 a5 34. Nxh5 a4 35. Bf4 a3 36. Bxe5+ fxe5 37. Nf6 Rb2 38. Kd2 Rb4 39. Nd5+ Kc8 40. Nxb4 e3+ 41. Kxe3 e4 42. Kxe4 Kc7 43. h5 1-0


[Site "https://www.chess.com"]

[Event "Titled Tuesday Blitz August 08 Late 2023"]
[White "Vafin, Ayrat"]
[Black "Gabdushev, Ruslan"]
[WhiteFideId "4146530"]
[BlackFideId "4137833"]
[WhiteElo "2304"]
[BlackElo "2385"]
[Result "1-0"]
[Round "7"]
[TimeControl "180+1"]
[Date "2023.08.08"]
[WhiteClock "0:00:08"]
[BlackClock "0:00:00"]
[Board "120"]

1. Nf3 g6 2. g3 Bg7 3. d4 d6 4. Bg2 c6 5. O-O Qc7 6. c4 e5 7. Nc3 Ne7 8. e4 O-O 9. Re1 h6 10. h3 a5 11. b3 Na6 12. dxe5 dxe5 13. Be3 Be6 14. Rc1 Rad8 15. Qe2 Nb4 16. Red1 Nc8 17. Nd5 Qb8 18. Nxb4 axb4 19. Bc5 Rfe8 20. Bxb4 b6 21. Bc3 c5 22. Rxd8 Rxd8 23. Rd1 Rxd1+ 24. Qxd1 Qa8 25. Qd8+ Kh7 26. Bxe5 Qxa2 27. Bxg7 Kxg7 28. Qd3 Qa1+ 29. Kh2 Qb2 30. Nd2 Ne7 31. e5 Qxe5 32. Qe4 Qc3 33. Qe3 Qxe3 34. fxe3 Nf5 35. Nf1 Kf6 36. g4 Nd6 37. Kg3 Ke5 38. Nd2 f5 39. Bc6 Ne4+ 40. Bxe4 fxe4 41. Nb1 g5 42. Nc3 Bf7 43. h4 Be6 44. Na4 b5 45. cxb5 Bxb3 46. Nxc5 Bd5 47. b6 Kd6 48. b7 Kc7 49. hxg5 hxg5 50. Kf2 Bxb7 51. Ne6+ Kd6 52. Nxg5 Ke5 53. Kg3 Bc8 54. Nf7+ Kf6 55. Nd6 Be6 56. Kf4 1-0


[Site "https://www.chess.com"]

[Event "Titled Tuesday Blitz August 08 Late 2023"]
[White "Muhammad Shahzeb"]
[Black "rionelG"]
[WhiteFideId "7804806"]
[WhiteElo "2384"]
[BlackElo "2304"]
[Result "1-0"]
[Round "7"]
[TimeControl "180+1"]
[Date "2023.08.08"]
[WhiteClock "0:00:03"]
[BlackClock "0:00:00"]
[Board "121"]

1. e4 c5 2. Nc3 d6 3. f4 a6 4. Nf3 Nf6 5. a4 Nc6 6. Bc4 Bg4 7. h3 Bxf3 8. Qxf3 e6 9. O-O Be7 10. d3 O-O 11. Be3 Nb4 12. e5 dxe5 13. fxe5 Nd7 14. Qg3 Bh4 15. Qg4 Nxe5 16. Qe4 Nxc4 17. dxc4 Bf6 18. Bxc5 Nc6 19. Rad1 Qa5 20. Bxf8 Rxf8 21. Rd7 Qb4 22. Nd1 Bxb2 23. Rf3 Ne5 24. Rb3 Qc5+ 25. Kh2 Nxd7 26. Nxb2 Nf6 27. Qd3 Qe5+ 28. Qg3 Qe2 29. Rxb7 Qxc2 30. a5 Rd8 31. c5 Qxc5 32. Rb8 Qd5 33. Rxd8+ Qxd8 34. Qd3 Qxa5 35. Qc4 h6 36. Nd3 Qb5 37. Qc3 a5 38. Ne5 1-0


[Site "https://www.chess.com"]

[Event "Titled Tuesday Blitz August 08 Late 2023"]
[White "Sari, Yasin"]
[Black "Cooper, Aaron"]
[WhiteFideId "6320902"]
[BlackFideId "2634945"]
[WhiteElo "2381"]
[BlackElo "2296"]
[Result "1-0"]
[Round "7"]
[TimeControl "180+1"]
[Date "2023.08.08"]
[WhiteClock "0:00:06"]
[BlackClock "0:00:03"]
[Board "122"]

1. Nf3 g6 2. d4 Bg7 3. e4 d6 4. Bc4 Nf6 5. Qe2 d5 6. exd5 Nxd5 7. h3 O-O 8. O-O Nc6 9. c3 Bf5 10. Re1 Re8 11. Bg5 Qd7 12. Ne5 Nxe5 13. dxe5 h6 14. Bh4 c6 15. Nd2 Nf4 16. Qe3 g5 17. Bg3 Nd3 18. Bxd3 Qxd3 19. Qxd3 Bxd3 20. Nb3 b6 21. Rad1 Rad8 22. Nd4 Bb5 23. b3 Rc8 24. c4 Ba6 25. Nf5 Kf8 26. Rd7 b5 27. c5 b4 28. e6 fxe6 29. Rxe6 Rcd8 30. Rxd8 Rxd8 31. Nxg7 Kxg7 32. Rxe7+ Kf6 33. Bd6 Bb5 34. Rxa7 Re8 35. f4 Re1+ 36. Kh2 Re2 37. fxg5+ hxg5 38. a4 bxa3 39. Rxa3 Bd3 40. b4 Be4 41. Rg3 Kf5 42. Be7 Rb2 43. Rxg5+ Ke6 44. Bd6 Rxb4 45. h4 Kf6 46. Rg4 Kf5 47. Rf4+ Ke6 48. h5 Kd5 49. h6 Rb7 50. Rh4 Rh7 51. g4 Bg6 52. g5 Ke6 53. Rf4 Bf5 54. Rf2 Rh8 55. Re2+ Kf7 56. Re7+ Kg6 57. Rg7+ Kh5 58. Kg3 Re8 59. h7 Bxh7 60. Rxh7+ Kxg5 61. Rc7 Kf5 62. Rxc6 Ke4 63. Kf2 Kd5 64. Rc7 Re4 65. Rh7 Rc4 66. Rh5+ Kc6 67. Ke3 Ra4 68. Kd3 Ra3+ 69. Kc2 Ra4 70. Kb3 Rg4 71. Rh6 Re4 72. Bf8+ Kd7 73. Kc3 Rf4 74. Bg7 Rg4 75. Bd4 Kc7 76. Kc4 Rg5 77. Re6 Kd7 78. Re5 Rg4 79. Kd5 Kc7 80. Re7+ Kd8 81. Rg7 Rf4 82. c6 Rf3 83. Be5 Rd3+ 84. Ke6 Kc8 85. Rg8+ Rd8 86. Rxd8+ Kxd8 87. Kd6 Kc8 88. Bf6 Kb8 89. c7+ Ka8 90. c8=Q+ Ka7 91. Bd4# 1-0


[Site "https://www.chess.com"]

[Event "Titled Tuesday Blitz August 08 Late 2023"]
[White "Cagara, Paulina"]
[Black "Ncatt"]
[WhiteFideId "1124870"]
[WhiteElo "2268"]
[BlackElo "2377"]
[Result "1-0"]
[Round "7"]
[TimeControl "180+1"]
[Date "2023.08.08"]
[WhiteClock "0:00:17"]
[BlackClock "0:00:03"]
[Board "123"]

1. e4 c5 2. Nc3 Nc6 3. Bb5 g6 4. Bxc6 bxc6 5. d3 Bg7 6. f4 Nf6 7. Nf3 O-O 8. O-O Ba6 9. Qe2 Rb8 10. Na4 c4 11. dxc4 d5 12. exd5 cxd5 13. b3 dxc4 14. Bb2 Qa5 15. Bc3 Qf5 16. Nd4 Qe4 17. Qf2 cxb3 18. Rfe1 b2 19. Bxb2 Qd5 20. Nb3 Rbc8 21. Rad1 Qc4 22. Nac5 e6 23. Rd4 Ng4 24. Rxc4 Nxf2 25. Bxg7 Kxg7 26. Ra4 Bb5 27. Rxa7 Ng4 28. Nxe6+ Kh6 29. Nxf8 Rxf8 30. Nd4 Bc4 31. h3 Nf6 32. f5 Nh5 33. Ra4 Bd5 34. Ra5 Bb7 35. g4 Nf4 36. Kh2 Rd8 37. c3 Rc8 38. Re3 Nd5 39. Rd3 Nxc3 40. fxg6 fxg6 41. Nf3 Ne4 42. g5+ Kh5 43. Rd4 Nf2 44. Rh4# 1-0


[Site "https://www.chess.com"]

[Event "Titled Tuesday Blitz August 08 Late 2023"]
[White "Steindl, Johannes"]
[Black "Beulen, Marcel"]
[WhiteFideId "1643266"]
[BlackFideId "1001450"]
[WhiteElo "2260"]
[BlackElo "2375"]
[Result "1-0"]
[Round "7"]
[TimeControl "180+1"]
[Date "2023.08.08"]
[WhiteClock "0:00:44"]
[BlackClock "0:00:38"]
[Board "124"]

1. e4 d5 2. exd5 Qxd5 3. Nf3 Bg4 4. Be2 Nc6 5. d4 O-O-O 6. c4 Qa5+ 7. Bd2 Qf5 8. d5 Bxf3 9. Bxf3 Ne5 10. Be3 Nxf3+ 11. Qxf3 Qxf3 12. gxf3 Nf6 13. Nc3 e6 14. dxe6 fxe6 15. Ke2 a6 16. a3 Bd6 17. Rac1 Be5 18. b4 Rd7 19. Na4 Rhd8 20. Nc5 Re7 21. Rcd1 Rxd1 22. Rxd1 Bxh2 23. f4 e5 24. f5 e4 25. Ne6 Be5 26. Rd8# 1-0


[Site "https://www.chess.com"]

[Event "Titled Tuesday Blitz August 08 Late 2023"]
[White "Necromon"]
[Black "Hng, Mei-En Emmanuelle"]
[BlackFideId "5804566"]
[WhiteElo "2374"]
[BlackElo "2259"]
[Result "0-1"]
[Round "7"]
[TimeControl "180+1"]
[Date "2023.08.08"]
[WhiteClock "0:01:03"]
[BlackClock "0:00:58"]
[Board "125"]

1. Nf3 Nf6 2. g3 e6 3. Bg2 d5 4. c4 dxc4 5. O-O Be7 6. Ne5 O-O 7. Nxc4 c5 8. Nc3 Nc6 9. d3 a6 10. a4 Qc7 11. a5 e5 12. Nb6 Rb8 13. Ncd5 Nxd5 14. Nxd5 Qd8 15. Nxe7+ Qxe7 16. Be3 Nd4 17. Rc1 Bg4 18. Bxd4 exd4 19. Re1 b6 20. axb6 Rxb6 21. Qc2 h6 22. Qxc5 Qxc5 23. Rxc5 Rxb2 24. Ra5 Bxe2 25. Rxa6 Bxd3 26. Rd6 Rb4 27. Rd1 Be2 28. Re1 d3 29. f4 Rfb8 30. Bf1 Rb1 0-1


[Site "https://www.chess.com"]

[Event "Titled Tuesday Blitz August 08 Late 2023"]
[White "Davidson, Kevin"]
[Black "Ward, Ieuan C"]
[WhiteFideId "2056810"]
[BlackFideId "406627"]
[WhiteElo "2368"]
[BlackElo "2251"]
[Result "1-0"]
[Round "7"]
[TimeControl "180+1"]
[Date "2023.08.08"]
[WhiteClock "0:00:04"]
[BlackClock "0:00:12"]
[Board "126"]

1. e4 e5 2. Nf3 Nc6 3. Bb5 a6 4. Ba4 Nf6 5. O-O Be7 6. Re1 b5 7. Bb3 O-O 8. a4 b4 9. d4 d6 10. dxe5 dxe5 11. Nbd2 Bb7 12. a5 Bc5 13. h3 h6 14. c3 bxc3 15. bxc3 Rb8 16. Bc4 Qe7 17. Qe2 Ra8 18. Nb3 Bd6 19. Qa2 Na7 20. Nfd2 Nb5 21. Qc2 Na3 22. Bxa3 Bxa3 23. Reb1 Rab8 24. Qd3 Rfd8 25. Qe2 Ra8 26. Bd3 Bd6 27. Nc4 Rdb8 28. Ne3 Nxe4 29. Nf5 Qg5 30. Bxe4 Bxe4 31. Qxe4 g6 32. Nxd6 cxd6 33. Qd5 Qf6 34. Nd2 Rc8 35. Ne4 Qf5 36. Rb7 Rd8 37. Rab1 Rac8 38. Re7 Rf8 39. Rbb7 Qf4 40. Nxd6 Qc1+ 41. Kh2 Qf4+ 42. g3 Qxf2+ 43. Qg2 Qxg2+ 44. Kxg2 Rce8 45. Nxe8 Rxe8 46. Rxe8+ Kg7 47. Rxe5 Kf6 48. Ree7 Kg5 49. Rxf7 Kh5 50. g4+ Kh4 51. Rf6 Kg5 52. Rxa6 Kh4 53. Rbb6 g5 54. Rxh6# 1-0


[Site "https://www.chess.com"]

[Event "Titled Tuesday Blitz August 08 Late 2023"]
[White "Sarkar, Justin"]
[Black "Real_taiatai"]
[WhiteFideId "2010011"]
[WhiteElo "2238"]
[BlackElo "2362"]
[Result "1/2-1/2"]
[Round "7"]
[TimeControl "180+1"]
[Date "2023.08.08"]
[WhiteClock "0:00:28"]
[BlackClock "0:01:14"]
[Board "127"]

1. d4 Nf6 2. c4 g6 3. Nc3 Bg7 4. e4 d6 5. f3 O-O 6. Be3 Na6 7. Nge2 c5 8. Qd2 Bd7 9. d5 e6 10. dxe6 Bxe6 11. Nf4 Nc7 12. Be2 Qe7 13. O-O Rad8 14. Rad1 Bc8 15. b3 a6 16. Rfe1 Rfe8 17. Bf1 h5 18. Ncd5 Ncxd5 19. Nxd5 Nxd5 20. Qxd5 Bf6 21. Qd2 b6 22. Bf4 Bd4+ 23. Be3 Bf6 24. Bf4 Bd4+ 25. Be3 Bf6 1/2-1/2


[Site "https://www.chess.com"]

[Event "Titled Tuesday Blitz August 08 Late 2023"]
[White "K2JW"]
[Black "Clawitter, Craig"]
[BlackFideId "2023105"]
[WhiteElo "2360"]
[BlackElo "2210"]
[Result "1-0"]
[Round "7"]
[TimeControl "180+1"]
[Date "2023.08.08"]
[WhiteClock "0:01:44"]
[BlackClock "0:00:25"]
[Board "128"]

1. e4 e6 2. d3 d5 3. e5 c5 4. g3 Nc6 5. Bg2 Nxe5 6. Ne2 h5 7. O-O h4 8. f4 Nc6 9. c4 Nf6 10. Nbc3 Be7 11. cxd5 exd5 12. d4 hxg3 13. hxg3 Bh3 14. Bxh3 Rxh3 15. dxc5 Bxc5+ 16. Kg2 Qd7 17. f5 Rh5 18. Nf4 Rxf5 19. Re1+ Kf8 20. a3 g5 21. Nd3 Bb6 22. g4 Nxg4 23. Qxg4 Ne5 24. Rxe5 Rf1 1-0


[Site "https://www.chess.com"]

[Event "Titled Tuesday Blitz August 08 Late 2023"]
[White "Guzman Moneo, Alberto"]
[Black "Garmendiarov"]
[WhiteFideId "2209616"]
[WhiteElo "2359"]
[BlackElo "2322"]
[Result "1-0"]
[Round "7"]
[TimeControl "180+1"]
[Date "2023.08.08"]
[WhiteClock "0:00:40"]
[BlackClock "0:00:07"]
[Board "129"]

1. e4 c5 2. Nc3 d6 3. f4 g6 4. Nf3 Bg7 5. Bc4 Nc6 6. d3 e6 7. O-O Nge7 8. a4 O-O 9. Ba2 d5 10. e5 a6 11. d4 cxd4 12. Nxd4 Qb6 13. Ne2 Nf5 14. c3 f6 15. Kh1 fxe5 16. fxe5 Nxe5 17. a5 Qd8 18. Nxf5 Rxf5 19. Rxf5 gxf5 20. Nf4 Bd7 21. Be3 Qh4 22. g3 Qg4 23. Nh5 Qxd1+ 24. Rxd1 Bc6 25. Bd4 Bh8 26. Nf4 Re8 27. Re1 Nf3 28. Rxe6 Rxe6 29. Nxe6 Nxd4 30. Nxd4 Bxd4 31. cxd4 Kf7 32. Kg2 Ke6 33. Kf3 Bb5 34. Bb1 Bc4 35. Kf4 Kd6 36. Bxf5 h6 37. Bg6 Kc6 38. Be8+ Kd6 39. g4 Bd3 40. h4 Kc7 41. Ke5 Be4 42. g5 hxg5 43. hxg5 b6 44. axb6+ Kxb6 45. g6 Ka5 46. g7 Bh7 47. Bf7 Kb4 48. Bxd5 a5 49. g8=Q Bxg8 50. Bxg8 a4 51. d5 Kb3 52. d6+ Kxb2 53. d7 a3 54. d8=Q a2 55. Bxa2 Ka1 56. Qb6 Kxa2 57. Qb4 Ka1 58. Kd4 1-0


[Site "https://www.chess.com"]

[Event "Titled Tuesday Blitz August 08 Late 2023"]
[White "Butti, Enrique"]
[Black "Hoffmann, Asa"]
[WhiteFideId "3700470"]
[BlackFideId "2001470"]
[WhiteElo "2209"]
[BlackElo "2353"]
[Result "1-0"]
[Round "7"]
[TimeControl "180+1"]
[Date "2023.08.08"]
[WhiteClock "0:00:59"]
[BlackClock "0:00:48"]
[Board "130"]

1. d4 Nf6 2. c4 c5 3. e3 g6 4. Nc3 Bg7 5. Nf3 O-O 6. Be2 d6 7. O-O b6 8. d5 Nbd7 9. e4 a6 10. a4 Ne8 11. Bf4 Ne5 12. Nxe5 dxe5 13. Be3 Nd6 14. Qd2 a5 15. Bh6 f5 16. Bxg7 Kxg7 17. f4 exf4 18. e5 f3 19. Bxf3 Nxc4 20. Qe2 Ba6 21. Nb5 Nd6 22. exd6 exd6 23. Rae1 Bxb5 24. Qxb5 Rf7 25. Re6 Rc8 26. Rfe1 c4 27. Re8 Qc7 28. Rxc8 Qxc8 29. Qxb6 c3 30. Qxd6 c2 31. Qe5+ Kh6 32. Rc1 Qc5+ 33. Kh1 Re7 34. Qc3 Qf2 35. h3 Re2 36. Bxe2 1-0


[Site "https://www.chess.com"]

[Event "Titled Tuesday Blitz August 08 Late 2023"]
[White "Pavlidou, Ekaterini"]
[Black "Fernandez Bustamante, Leancy B."]
[WhiteFideId "4213262"]
[BlackFideId "3523870"]
[WhiteElo "2352"]
[BlackElo "2204"]
[Result "1-0"]
[Round "7"]
[TimeControl "180+1"]
[Date "2023.08.08"]
[WhiteClock "0:01:31"]
[BlackClock "0:00:17"]
[Board "131"]

1. d4 c5 2. d5 d6 3. c4 e5 4. Nc3 Nf6 5. e4 g6 6. h3 Bg7 7. g4 Na6 8. Be3 Nc7 9. Be2 h5 10. g5 Nd7 11. Nf3 O-O 12. Nh4 a6 13. a4 Rb8 14. Bxh5 gxh5 15. Qxh5 b5 16. Nf5 Nb6 17. Rg1 Nxc4 18. g6 fxg6 19. Qxg6 Qd7 20. Qxg7+ Qxg7 21. Rxg7+ Kh8 22. Rxc7 Bxf5 23. exf5 Nxb2 24. axb5 axb5 25. Raa7 Rxf5 26. Rh7+ Kg8 27. Rag7+ Kf8 28. Bh6 Nd3+ 29. Kf1 Rxf2+ 30. Kg1 Ra8 31. Rh8# 1-0


[Site "https://www.chess.com"]